 Dungeon Crawl Stone Soup version 0.30-a0-634-g8abc85282e (webtiles) character file.

Game seed: 7303461143304660727

28 holysushi the Cutter (level 3, -2/31 HPs)
             Began as a Meteoran Monk on Jan 15, 2023.
             Slain by Terence
             ... wielding a +4 flail of protection
              (6 damage)
             ... on level 2 of the Dungeon.
             The game lasted 00:01:49 (405 turns).

holysushi the Cutter (Meteoran Monk)                 Turns: 405, Time: 00:01:50

Health: -2/31      AC:  3    Str: 12    XL:     3   Next: 50%
Magic:  4/4        EV: 14    Int: 11    God:
Gold:   40         SH:  0    Dex: 19    Spells: 2/2 levels left

rFire   . . .      SeeInvis .    a - +1 short sword
rCold   . . .      Faith    .    (no shield)
rNeg    . . .      Spirit   .    b - +0 robe
rPois   .          Reflect  .    e - +0 helmet
rElec   .          Harm     .    (no cloak)
rCorr   .          Rampage  .    (no gloves)
Will    .....                    (no boots)
Stlth   +                        (no amulet)
HPRegen 0.25/turn                (no ring)
MPRegen 0.09/turn                (no ring)

@: glowing
A: sense surroundings 1, otherworldly, glowing, explore regen
a: no special abilities


You were on level 2 of the Dungeon.
You visited 1 branch of the dungeon, and saw 2 of its levels.

You collected 40 gold pieces.

Inventory:

Hand Weapons
 a - a +1 short sword (weapon)
Armour
 b - a +0 robe (worn)
 e - a +0 helmet (worn)
Potions
 c - a potion of ambrosia
 d - 4 potions of curing


   Skills:
 - Level 3.2 Fighting
 + Level 4.6 Short Blades
 - Level 3.6 Dodging
 - Level 1.4 Stealth


You had 2 spell levels left.
You didn't know any spells.
Your spell library was empty.

Dungeon Overview and Level Annotations

Branches:
Dungeon (2/15) Zot: 805

Altars:

Shops:
D:1 !

Annotations:
D:2 Terence


Innate Abilities, Weirdness & Mutations

You passively map a small area around you.
You are easily found by Zot.
You glow in the dark.
You regain HP and MP as you explore.


Message History

There is a stone staircase leading up here.
You see here an adder corpse.
Found 5 gold pieces and a potion of curing.
You now have 40 gold pieces (gained 5).
There is a shaft here.
d - 4 potions of curing (gained 1) Terence the Incautious comes into view.
He is wielding a +4 flail of protection.
Terence shouts!
Found a scroll labelled XEN QERESUCZOE.
Terence says, "Don't bother to defend, it's senseless."
Terence hits you with a +4 flail of protection!
You hit Terence but do no damage. You hit Terence but do no damage.
Terence barely misses you.
You hit Terence.
Terence is lightly wounded.
Terence misses you.
Okay, then.
You aren't carrying any scrolls.
Unknown command.
You aren't carrying any items that you can evoke.
Unknown command.
You hit Terence.
Terence is moderately wounded.
Terence barely misses you.
You hit Terence but do no damage.
Terence is moderately wounded.
Terence hits you with a +4 flail of protection!
You hit Terence but do no damage.
Terence is moderately wounded.
You hit Terence but do no damage.
Terence is moderately wounded.
Terence misses you.
You hit Terence but do no damage.
Terence is moderately wounded.
Terence hits you with a +4 flail of protection!
* * * LOW HITPOINT WARNING * * *
You barely miss Terence.
Terence is moderately wounded.
Terence hits you with a +4 flail of protection.
You die...

#..#<...#
........# +
..†##...#**
..#.....#
....#...#
#.################
*
.................#
...#############.#
...# #@# * ^..#
*#@# ...#
#......#, * ...#
#......., , .###
#..?...#. .#
#......#..*, ##
#......# .#
######## .# #, *


You could see Terence.

Vanquished Creatures
  An adder (D:2)
  3 endoplasms (D:1)
  A giant cockroach (D:1)
  2 goblins (D:1)
  A hobgoblin (D:1)
  3 kobolds (D:1)
  A quokka (D:1)
  2 ball pythons (D:1)
  A bat (D:1)
  3 frilled lizards (D:1)
  2 rats (D:1)
20 creatures vanquished.

Notes
Turn   | Place    | Note
-------+----------+-------------------------------------------
     0 | D:1      | holysushi the Meteoran Monk began the quest for the Orb.
     0 | D:1      | Reached XP level 1. HP: 19/19 MP: 2/2
    58 | D:1      | Reached XP level 2. HP: 26/26 MP: 3/3
   114 | D:1      | Reached skill level 4 in Short Blades
   117 | D:1      | Found Cuklorch's Distillery.
   284 | D:2      | Reached XP level 3. HP: 29/31 MP: 4/4
   393 | D:2      | Noticed Terence
   405 | D:2      | Slain by Terence

Illustrated notes

Levels and vault maps discovered:
D:1:      psy_arrival_conway, layout_basic, serial_shops, shop
D:2:      layout_basic, uniq_natasha, uniq_jessica, uniq_terence

Skill      XL: |  1  2 |
---------------+-------+-----
Short Blades   | 4 |  4.6
Fighting       | |  3.2
Dodging        | |  3.6
Stealth        | |  1.4

Action                   || total
-------------------------++-------
Melee: Short sword       ||    69
       Punch             ||     1
  Use: Scroll            ||     3
Armor: Robe              ||    13
Dodge: Dodged            ||    29

Table legend: (Time is in decaauts)
 A = Elapsed time spent in this place.
 B = Non-inter-level travel time spent in this place.
 C = Inter-level travel time spent in this place.
 D = Time resting spent in this place.
 E = Time spent auto-exploring this place.
 F = Levels seen in this place.
 G = Mean time per level.
                   A        B        C        D        E       F      G
               +--------+--------+--------+--------+--------+-----+--------+
         Total |    393 |    373 |     20 |      0 |      0 |   2 |  196.5 |
       Dungeon |    393 |    373 |     20 |      0 |      0 |   2 |  196.5 |
               +--------+--------+--------+--------+--------+-----+--------+

Top non-repeatable levels by time:
     D:1: 320 daAuts
     D:2: 73 daAuts
